Map: Triton LE

Players

Mez - Winner!

  • Race: Terran Terran
  • League: Master
  • Spawn Location: 5:00

Thimius

  • Race: Zerg Zerg
  • League: Master
  • Spawn Location: 11:00

VOD

Have the link to the VOD?

Description

Time

  • Played on: Sept. 9, 2019, 2 p.m.
  • Length: 8:36
Show
View Real Time Build Order
Export as new Build Order

Mez Terran - Winner!

Build Orders: Liberator Opening, Reaper Expand 

Get SALT Encoding   

  12  0:00  SCV  
  13  0:12  SCV  
  14  0:17  Supply Depot  
  14  0:25  SCV  
  15  0:38  SCV  
  15  0:40  Barracks  
  16  0:45  Refinery  
  16  0:50  SCV  
  17  1:03  SCV  
  18  1:15  SCV  
  19  1:28  Orbital Command, Reaper  
  20  1:41  Command Center  
  20  1:50  Supply Depot  
  20  1:54  SCV  
  21  2:02  Marine  
  21  2:06  SCV  
  23  2:14  Factory  
  23  2:16  Refinery  
  23  2:18  SCV  
  24  2:24  Barracks Reactor  
  24  2:31  SCV  
  25  2:43  SCV  
  25  2:54  Orbital Command  
  25  2:55  SCV  
  26  3:09  SCV  
  26  3:10  Starport  
  26  3:11  Hellion x2  
  31  3:20  SCV, Supply Depot  
  31  3:21  SCV  
  31  3:24  Barracks Tech Lab  
  33  3:30  Liberator  
  33  3:32  SCV  
  33  3:33  SCV, Hellion x2  
  39  3:44  SCV  
  39  3:45  SCV  
  44  3:56  SCV  
  44  3:57  SCV  
  44  3:59  Supply Depot  
  44  4:00  Hellion x2  
  50  4:08  SCV  
  50  4:09  SCV  
  52  4:20  SCV  
  52  4:21  SCV  
  52  4:22  Command Center  
  54  4:26  Supply Depot  
  54  4:32  SCV  
  54  4:33  SCV  
  54  4:37  Starport Reactor, Barracks x2  
  56  4:38  Factory Tech Lab  
  56  4:41  Marine, Stimpack  
  56  4:45  SCV x2  
  53  5:07  SCV x2  
  53  5:10  Engineering Bay  
  53  5:12  Refinery  
  53  5:13  Refinery  
  53  5:14  Engineering Bay  
  51  5:24  Marine x2, SCV x2  
  55  5:28  Marine  
  55  5:33  Marine  
  55  5:34  Marine  
  56  5:35  Starport Reactor  
  56  5:36  SCV x2, Orbital Command  
  56  5:41  Terran Infantry Armor Level 1, Terran Infantry Weapons Level 1  
  56  5:42  Marine x2  
  60  5:43  Siege Tank  
  60  5:46  Marine  
  60  5:48  SCV x2  
  60  5:49  Barracks  
  66  5:50  Barracks  
  66  5:51  Marine x2  
  68  6:00  Marine x2, SCV x2  
  68  6:02  Supply Depot x2  
  72  6:09  Orbital Command  
  72  6:13  Marine x3  
  72  6:15  Siege Tank, Armory  
  72  6:16  Supply Depot  
  72  6:18  Marine x2  
  80  6:21  Combat Shield  
  80  6:22  Medivac  
  80  6:23  Medivac  
  84  6:30  SCV x2  
  86  6:42  SCV x2  
  88  6:47  SCV  
  88  6:49  Marine x3  
  88  6:50  Barracks Reactor x2  
  89  6:54  SCV x2  
  89  6:56  Marine x2, Medivac x2  
  89  6:59  SCV  
  98  7:03  Siege Tank, Supply Depot  
  98  7:06  SCV x2  
  98  7:07  Marine x2  
  105  7:12  SCV  
  106  7:16  Marine  
  106  7:17  Marine x2  
  109  7:25  Marine x2, SCV x3  
  109  7:28  Supply Depot  
  114  7:30  Supply Depot  
  114  7:33  Marine x3  
  117  7:49  Marine x6  
  117  7:50  SCV x2  
  125  7:51  Marine x3  
  125  7:54  Supply Depot  
  125  7:56  Supply Depot  
  125  7:57  Supply Depot  
  128  7:59  Supply Depot  
  128  8:07  Marine x2, SCV x3  
  128  8:10  Refinery  
  128  8:11  Refinery  
  128  8:12  Command Center  
  133  8:14  Barracks x2  
  133  8:15  Barracks  
  133  8:18  Marine x3  
  133  8:19  SCV x2  
  116  8:31  Supply Depot  
  116  8:33  Supply Depot  
Show
View Real Time Build Order
Export as new Build Order

Thimius Zerg 

Build Orders: Hatch First 

Get SALT Encoding   

  12  0:07  Drone  
  13  0:15  Overlord  
  13  0:25  Drone  
  14  0:34  Drone x2  
  16  0:41  Drone  
  17  0:54  Hatchery  
  17  0:56  Drone  
  17  1:01  Drone  
  18  1:10  Extractor  
  17  1:15  Spawning Pool  
  17  1:18  Drone  
  17  1:22  Drone  
  18  1:34  Drone  
  19  1:48  Overlord  
  19  2:01  Queen  
  19  2:02  Zergling x2  
  19  2:05  Queen  
  19  2:06  Zergling x2  
  25  2:19  Drone x3  
  28  2:34  Drone x2  
  30  2:37  Pneumatized Carapace  
  30  2:38  Drone  
  30  2:39  Drone  
  31  2:55  Metabolic Boost, Drone x2  
  33  3:04  Hatchery  
  32  3:10  Overlord  
  32  3:15  Queen  
  32  3:19  Drone  
  35  3:22  Overlord  
  35  3:28  Queen  
  35  3:30  Drone x5  
  41  3:45  Drone x6  
  47  3:54  Overlord x2  
  47  4:03  Extractor x2  
  45  4:11  Queen  
  45  4:13  Lair  
  45  4:14  Drone x3  
  45  4:16  Queen  
  52  4:24  Drone x7  
  52  4:25  Drone  
  60  4:39  Overlord x2  
  60  4:40  Overlord  
  60  4:48  Roach Warren  
  60  4:49  Evolution Chamber  
  60  4:50  Evolution Chamber  
  47  5:06  Drone x12  
  47  5:07  Drone  
  55  5:26  Spore Crawler  
  52  5:30  Spore Crawler  
  52  5:32  Spore Crawler, Drone x7  
  49  5:45  Drone x5  
  53  6:03  Baneling Nest  
  49  6:05  Evolution Chamber  
  48  6:14  Drone  
  48  6:15  Drone x8  
  57  6:24  Queen  
  59  6:39  Zerg Melee Weapons Level 1  
  59  6:44  Evolution Chamber  
  53  6:49  Drone x9  
  62  6:56  Centrifical Hooks  
  62  6:58  Overlord x2  
  62  7:12  Hatchery  
  62  7:13  Zergling x12  
  62  7:14  Zergling x4  
  69  7:22  Overlord x2  
  69  7:32  Baneling x16  
  69  7:33  Zergling x8  
  69  7:34  Zergling x4  
  75  7:40  Zergling x10  
  72  8:11  Zergling x14  
Tags
 
Add a new tag
Caveats
  • Supply blocks, unpowered buildings, or Contaminate may cause inaccurate times.
  • Supply counts are checked every 10 seconds.